 Dungeon Crawl Stone Soup version 0.32-a0-18-g89e19f1974 (webtiles) character file.

Game seed: 5761211772892131133

35 Essalna the Firebug (level 3, -5/19 HPs)
             Began as a Gargoyle Fire Elementalist on Jan 16, 2024.
             Slain by Terence
             ... wielding a +0 vampiric trident
              (10 damage)
             ... on level 2 of the Dungeon.
             The game lasted 00:01:34 (936 turns).

Essalna the Firebug (Gargoyle Fire Elementalist)     Turns: 936, Time: 00:01:34

Health: -5/19      AC:  6    Str: 11    XL:     3   Next: 33%
Magic:  2/6        EV: 11    Int: 17    God:
Gold:   12         SH:  0    Dex: 10    Spells: 6/7 levels left

rFire   . . .        c - +0 dagger (venom)
rCold   . . .        (no shield)
rNeg    + . .        a - +0 robe
rPois   ∞            (no helmet)
rElec   +            g - +0 cloak
rCorr   .            (no gloves)
SInv    .            (no boots)
Will    .....        (no amulet)
Stlth   ++           (no ring)
HPRegen 0.23/turn    (no ring)
MPRegen 0.10/turn

%: no passive effects
@: very slightly contaminated
A: sickness immunity, AC +3, negative energy resistance 1, electricity
resistance, torment resistance 1, petrification resistance
a: no special abilities


You were on level 2 of the Dungeon.
You visited 1 branch of the dungeon, and saw 2 of its levels.

You collected 12 gold pieces.

Inventory:

Hand Weapons
 c - a +0 dagger of venom (weapon)
Armour
 a - a +0 robe (worn)
 g - a +0 cloak (worn)
Scrolls
 f - a scroll of immolation {unknown}
Potions
 b - a potion of magic
 d - a potion of attraction {unknown}
 e - a potion of curing {unknown}


   Skills:
 - Level 1.5 Dodging
 - Level 2.1 Stealth
 + Level 2.5 Spellcasting
 + Level 2.1 Conjurations
 + Level 3.5 Fire Magic


You had 6 spell levels left.
You knew the following spells:

 Your Spells              Type           Power      Damage    Failure   Level
a - Foxfire               Conj/Fire      44%        2x1d6     6%          1

Your spell library contained the following spells:

 Spells                   Type           Power      Damage    Failure   Level
 Scorch                   Fire           28%        2d6       7%          2
 Inner Flame              Hex/Fire       8%         N/A       26%         3
 Volatile Blastmotes      Fire/Tloc      16%        2d11      26%         3
 Flame Wave               Conj/Fire      11%        2d6       50%         4


Dungeon Overview and Level Annotations

Branches:
Dungeon (2/15)

Altars:

Annotations:
D:2 Terence


Innate Abilities, Weirdness & Mutations

You are immune to sickness and miasma.
Your stone body is resilient. (AC +3)
You are immune to poison.
You resist negative energy. (rN+)
You are resistant to electric shocks. (rElec)
You are resistant to unholy torment.
You are immune to petrification.


Message History

The floor.
Casting: Foxfire (safe; 6% risk of failure)
Confirm with . or Enter, or press ? or * to list all spells.
You conjure some foxfire!
Terence hits you from afar with a +0 vampiric trident.
Casting: Foxfire (safe; 6% risk of failure)
Confirm with . or Enter, or press ? or * to list all spells.
There is not enough space to conjure foxfire!
The foxfire hits Terence.
Terence is lightly wounded.
The foxfire hits Terence.
Terence is heavily wounded.
Terence closely misses you.
Casting: Foxfire (safe; 6% risk of failure)
Confirm with . or Enter, or press ? or * to list all spells.
You miscast Foxfire.
You are very lightly contaminated with residual magic.
Nothing appears to happen.
Terence hits you but does no damage.
Casting: Foxfire (safe; 6% risk of failure)
Confirm with . or Enter, or press ? or * to list all spells.
You conjure some foxfire!
Terence barely misses you.
The foxfire hits Terence.
Terence is heavily wounded.
The foxfire hits Terence but does no damage.
Terence is heavily wounded.
Terence hits you from afar with a +0 vampiric trident.
Casting: Foxfire (safe; 6% risk of failure)
Confirm with . or Enter, or press ? or * to list all spells.
You conjure some foxfire!
Terence hits you from afar with a +0 vampiric trident.
* * * LOW HITPOINT WARNING * * *
The foxfire hits Terence but does no damage.
Terence is heavily wounded.
The foxfire hits Terence.
Terence is heavily wounded.
Terence says, "How do you enjoy it?"
Terence hits you from afar with a +0 vampiric trident!
Ouch! That really hurt!
You die...
Terence says, "Rest in peace."

######...
#@.@.....
#§####...
#.# #.#
#.# #.#
#.# #.#


You could see Terence.

Vanquished Creatures
  A gnoll (D:1)
  4 endoplasms (D:1)
  A giant cockroach (D:1)
  A goblin (D:1)
  2 hobgoblins (D:1)
  A quokka (D:1)
  2 ball pythons (D:1)
  4 bats (D:1)
  A frilled lizard (D:1)
  5 kobolds (D:1)
  A rat (D:1)
23 creatures vanquished.

Vanquished Creatures (others)
  40 foxfires
40 creatures vanquished.

Grand Total: 63 creatures vanquished

Notes
Turn   | Place    | Note
-------+----------+-------------------------------------------
     0 | D:1      | Essalna the Gargoyle Fire Elementalist began the quest for
                  | the Orb.
     0 | D:1      | Reached XP level 1. HP: 10/10 MP: 3/3
   199 | D:1      | Reached XP level 2. HP: 15/15 MP: 0/5
   552 | D:1      | Reached XP level 3. HP: 19/19 MP: 2/6
   929 | D:2      | Noticed Terence
   936 | D:2      | Slain by Terence

Illustrated notes

Levels and vault maps discovered:
D:1:      minmay_arrival_nine_rooms, layout_loops_ring
D:2:      layout_basic, shapermc_ecumenical_altar_venn, minmay_snake_closets,
          uniq_terence

Skill      XL: |  1  2 |
---------------+-------+-----
Conjurations   | 2 |  2.1
Dodging        | |  1.5
Stealth        | |  2.1
Spellcasting   | |  2.5
Fire Magic     | |  3.5

Action                     || total
---------------------------++-------
  Melee: Unarmed           ||     2
         Dagger            ||    43
   Cast: Foxfire           ||    27
   Stab: Sleeping          ||     1
 Armour: Robe              ||    24
  Dodge: Dodged            ||    25

Table legend: (Time is in decaauts)
 A = Elapsed time spent in this place.
 B = Non-inter-level travel time spent in this place.
 C = Inter-level travel time spent in this place.
 D = Time resting spent in this place.
 E = Time spent auto-exploring this place.
 F = Levels seen in this place.
 G = Mean time per level.
                   A        B        C        D        E       F      G
               +--------+--------+--------+--------+--------+-----+--------+
         Total |    935 |    920 |     15 |      0 |    770 |   2 |  467.5 |
       Dungeon |    935 |    920 |     15 |      0 |    770 |   2 |  467.5 |
               +--------+--------+--------+--------+--------+-----+--------+

Top non-repeatable levels by time:
     D:1: 928 daAuts
     D:2: 6 daAuts
